 Dungeon Crawl Stone Soup version 0.32-a0-900-g30fb1b0edc (webtiles) character file.

Game seed: 2731216974972689404

44786 Autsider the Thaumaturge (level 13, 72/72 HPs)
             Began as a Felid Summoner on Apr 5, 2024.
             Was the Champion of Kikubaaqudgha.
             Quit the game on level 2 of the Orcish Mines.
             The game lasted 01:15:44 (18367 turns).

Autsider the Thaumaturge (Felid Summoner)          Turns: 18367, Time: 01:15:44

Health: 72/72      AC:  7    Str:  4    XL:     13   Next: 98%
Magic:  29/29      EV: 23    Int: 27    God:    Kikubaaqudgha [******]
Gold:   1171       SH:  0    Dex: 18    Spells: 11/34 levels left
                                        Lives:  0   Deaths: 4

rFire   . . .        (weapon unavailable)
rCold   + + .        (shield unavailable)
rNeg    . . .        (body armour unavailable)
rPois   .            (helmet unavailable)
rElec   .            (cloak unavailable)
rCorr   .            (gloves unavailable)
SInv    +            (boots unavailable)
Will    +....        A - amulet of Impatience {Acrobat Int+4}
Stlth   +++++        h - ring of protection from cold
HPRegen 0.32/turn    u - +4 ring of protection
MPRegen 0.21/turn

%: acrobat
@: no status effects
A: very small, claws 1, fangs 3, see invisible, shaggy fur 3, stealthy paws, no
weapons or thrown items, no armour, multi-lived
a: Renounce Religion, Unearth Wretches, Torment


You were on level 2 of the Orcish Mines.
You worshipped Kikubaaqudgha.
Kikubaaqudgha was exalted by your worship.
You visited 4 branches of the dungeon, and saw 17 of its levels.
You also visited: Bailey and Ice Cave.

You collected 1307 gold pieces.
You spent 136 gold pieces at shops.

Inventory:

Jewellery
 b - a ring of magical power
 h - a ring of protection from cold (left paw)
 m - an amulet of faith
 p - a ring of protection from cold
 u - a +4 ring of protection (right paw)
 A - the amulet of Impatience (around neck) {Acrobat Int+4}
   (You found it on level 6 of the Dungeon)

   [amulet of the acrobat]

   Acrobat:   It increases your evasion while moving and waiting.
   Int+4:     It affects your intelligence (+4).
 B - a +6 ring of dexterity
 G - an amulet of regeneration
Talismans
 F - the granite talisman of Ummiluip {Str+4}
   (You found it in a bailey)

   [granite talisman]

   Str+4:     It affects your strength (+4).
Wands
 q - a wand of flame (37)
 H - a wand of paralysis (8)
 I - a wand of digging (16)
 J - a wand of roots (10)
Scrolls
 f - a scroll of fear
 g - a scroll of identify {@r1}
 o - 6 scrolls of teleportation {@r2}
 w - a scroll of noise
 y - 2 scrolls of vulnerability
 z - a scroll of silence
 C - a scroll of immolation
 D - 2 scrolls of poison
Potions
 a - 4 potions of magic
 c - 6 potions of enlightenment
 d - 6 potions of ambrosia
 e - 2 potions of mutation
 i - 2 potions of curing {@q1}
 r - 3 potions of cancellation
 t - 4 potions of haste
 v - 5 potions of degeneration


   Skills:
 - Level 10.0 Fighting
 - Level 10.0 Dodging
 - Level 10.0 Stealth
 + Level 11.2 Spellcasting
 - Level 11.0 Summonings
 + Level 9.1 Necromancy
 - Level 8.0 Translocations
 - Level 5.0 Fire Magic
 - Level 5.0 Air Magic


You had 11 spell levels left.
You knew the following spells:

 Your Spells              Type           Power      Damage    Failure   Level
a - Call Canine Familiar  Summ           65%        N/A       1%          3
b - Summon Blazeheart Go  Fire/Summ      55%        N/A       1%          4
c - Summon Lightning Spi  Summ/Air       55%        N/A       1%          4
d - Summon Forest         Summ/Tloc      30%        N/A       2%          5
e - Animate Dead          Necr           59%        N/A       1%          4
x - Summon Small Mammal   Summ           100%       N/A       1%          1
X - Call Imp              Summ           100%       N/A       1%          2

Your spell library contained the following spells:

 Spells                   Type           Power      Damage    Failure   Level
 Foxfire                  Conj/Fire      100%       2x1d9     1%          1
 Necrotise                Necr           100%       1d9       1%          1
 Sublimation of Blood     Necr           59%        N/A       1%          2
 Fugue of the Fallen      Necr           59%        N/A       1%          3
 Summon Ice Beast         Ice/Summ       44%        N/A       1%          3
 Swiftness                Air            42%        N/A       1%          3
 Teleport Other           Tloc           55%        N/A       1%          3
 Vampiric Draining        Necr           59%        2d10      1%          3
 Dispel Undead            Necr           59%        3d21      1%          4
 Martyr's Knell           Necr/Summ      62%        N/A       1%          4
 Curse of Agony           Necr           59%        N/A       2%          5
 Freeze                   Ice            60%        1d7       3%          1
 Ensorcelled Hibernation  Hex/Ice        30%        N/A       6%          2
 Mephitic Cloud           Conj/Alch/Air  24%        N/A       6%          3
 Summon Cactus Giant      Summ           32%        N/A       6%          6
 Summon Mana Viper        Hex/Summ       44%        N/A       11%         5
 Dazzling Flash           Conj/Hex       30%        N/A       12%         3
 Frozen Ramparts          Ice            30%        1d5       12%         3
 Hailstorm                Conj/Ice       15%        3d6       12%         3
 Ozocubu's Armour         Ice            15%        N/A       12%         3
 Passwall                 Erth           15%        N/A       12%         3
 Stone Arrow              Conj/Erth      30%        3d8       12%         3
 Borgnjor's Vile Clutch   Necr/Erth      19%        N/A       16%         5
 Dispersal                Tloc           27%        N/A       22%         6
 Gell's Gavotte           Tloc           27%        2d(23-35) 22%         6
 Silence                  Hex/Air        14%        N/A       36%         5
 Haunt                    Necr/Summ      31%        N/A       45%         7
 Metabolic Englaciation   Hex/Ice        7%         N/A       71%         5
 Bombard                  Conj/Erth      7%         9d2       99%         6
 Permafrost Eruption      Ice/Erth       7%         2x4d3     99%         6
 Sculpt Simulacrum        Ice/Alch       7%         N/A       99%         6
 Borgnjor's Revivificati  Necr           29%        N/A       99%         8
 Infestation              Necr           29%        N/A       99%         8
 Lehudib's Crystal Spear  Conj/Erth      7%         10d3      100%        8
 Death's Door             Necr           29%        N/A       100%        9
 Animate Armour           Summ/Erth      Unusable   N/A       N/A         4

Dungeon Overview and Level Annotations

Branches:
Dungeon (10/15)            Temple (1/1) D:5            Lair (4/5) D:10
  Snake (0/4) Lair:2        Slime (0/5) Lair:4          Orc (2/2) D:9
    Elf (0/3) Orc:2        Bailey (visited)           IceCv (visited)
  Swamp: Lair:2-3    Shoals: Lair:2-3

Altars:
Ashenzari
Cheibriados
Dithmenos
Elyvilon
Fedhas
Gozag
Hepliaklqana
Kikubaaqudgha
Makhleb
Nemelex Xobeh
Okawaru
Qazlal
Ru
Sif Muna
Trog
Uskayaw
Vehumet
Wu Jian
Xom
Yredelemnul
Zin
The Shining One
Beogh
Jiyva

Shops:
D:3 [   D:4 (   D:5 *   D:6 *   D:8 !

Annotations:
D:5 exclusions: blazeheart golem and downstairs
D:8 1 runed translucent door, exclusion: downstairs
D:9 exclusion: 2 downstairs
Lair:1 exclusion: oklob plant
Lair:3 exclusion: downstairs


Innate Abilities, Weirdness & Mutations

You have sharp claws.
You have razor-sharp teeth.
You have supernaturally acute eyesight. (SInv)
Your thick and shaggy fur keeps you warm. (AC +3, rC+)
Your paws help you pounce on unaware monsters.
You are incapable of wielding weapons or throwing items.
You cannot wear armour.
You gain extra lives every three experience levels.


Message History

The orc warrior completely misses you.
The orc warrior hits your blazeheart golem with a +0 hand axe.
Your blazeheart golem punches the orc warrior but does no damage.
You scratch the orc warrior but do no damage.
You bite the orc warrior, but do no damage.
The orc warrior hits you with a +0 hand axe.
The orc warrior hits your blazeheart golem with a +0 hand axe!
You closely miss the orc warrior.
The orc warrior hits you with a +0 hand axe.
* * * LOW HITPOINT WARNING * * *
The orc warrior hits your blazeheart golem but does no damage.
Your blazeheart golem closely misses the orc warrior.
You scratch the orc warrior but do no damage.
Your bite misses the orc warrior.
The orc warrior hits you with a +0 hand axe.
* * * LOW HITPOINT WARNING * * *
The orc warrior hits your blazeheart golem but does no damage.
You scratch the orc warrior but do no damage.
Your claw misses the orc warrior.
You bite the orc warrior, but do no damage.
The orc warrior misses you.
The orc warrior hits your blazeheart golem with a +0 hand axe!
Your blazeheart golem punches the orc warrior.
Your blazeheart golem falls apart, revealing its core!
You scratch the orc warrior but do no damage.
The orc warrior is lightly wounded.
Your blazeheart core explodes!
The fiery explosion engulfs the orc warrior!!!
You kill the orc warrior!
Kikubaaqudgha accepts your kill. The fiery explosion engulfs you!!
* * * LOW HITPOINT WARNING * * *
You are engulfed in blazing flames.
* * * LOW HITPOINT WARNING * * *
Things that are here:
a +0 hand axe; a +0 chain mail You are engulfed in blazing flames.
You die...
You rejoin the land of the living...
Are you sure you want to abandon this character and quit the game? (Confirm with "yes".)

#........#####.........#
##........##.##.......##
#...........#.......## ###
##.................## ###.#
###.#...^.......### ##.#.#
###...........# #...#####
#.#........### #....#..##
###........#
.........#####..@.....#
..........##.#........###
..........###...........###
..........................##
....#..[[....<...##........##
>#####..........#####.......##
..# ##......รทรท..#
#.........#
..###......[)..#####........##
...#........<.[.#..........##


There were no monsters in sight!

Vanquished Creatures
  2 hydras (Lair:2)
  2 two-headed ogres
  A death yak (Lair:2)
  An orc high priest (Orc:2)
  A skyshark (Lair:3)
  An orc knight (Orc:2)
  A meliai (Lair:4)
  A black mamba (Lair:1)
  A gargoyle (Bailey)
  A cane toad (Lair:2)
  3 freezing wraiths (IceCv)
  10 ice devils (IceCv)
  2 rime drakes (Lair:1)
  2 komodo dragons (Lair:3)
  A hornet (D:7)
  A queen bee (Lair:4)
  A troll (D:9)
  4 wyverns (D:10)
  19 yaks
  A warg (D:9)
  7 death yak simulacra
  3 water moccasins
  A hydra simulacrum (IceCv)
  4 orc warriors
  An ogre (D:6)
  A centaur (D:10)
  A kobold brigand (D:8)
  4 wights
  2 elephant simulacra (IceCv)
  8 killer bees
  2 vampire bats (Bailey)
  3 wolf zombies (Bailey)
  A hound (D:4)
  An orc wizard (Orc:2)
  4 polar bear simulacra (IceCv)
  2 wolf simulacra (IceCv)
  3 killer bee zombies (Lair:4)
  5 orc zombies
  A dart slug (D:3)
  An orc (D:9)
  2 goblins (D:8)
  A hobgoblin (D:8)
  A quokka (D:1)
  A ball python (D:1)
  2 bats (D:2)
  A kobold (D:8)
  2 rats
121 creatures vanquished.

Vanquished Creatures (collateral kills)
  An orc warlord (Orc:2)
  A boulder beetle (Lair:3)
  A two-headed ogre (D:8)
  2 death yaks (Lair:2)
  A skyshark (Lair:1)
  2 lindwurms
  2 orc knights (Orc:1)
  2 orc sorcerers (Orc:2)
  The ghost of Konar the Skirmisher, a novice CoHu (D:6)
  A salamander (Lair:2)
  A black mamba (Lair:3)
  2 meliai (Lair:4)
  A torpor snail (Lair:3)
  An unseen horror (D:7)
  4 cane toads
  2 freezing wraiths (IceCv)
  2 rime drakes
  2 komodo dragons
  2 ice devils (IceCv)
  2 anaconda simulacra (IceCv)
  A hornet (D:9)
  6 blink frogs
  Sigmund (D:2)
  A warg (Orc:2)
  2 wyverns
  A vampire (Bailey)
  30 yaks
  2 basilisks
  2 death yak simulacra
  3 harpy simulacra (IceCv)
  12 water moccasins
  A nameless horror (D:5)
  18 orc warriors
  2 ice beasts (D:5)
  4 black bears
  A sky beast (D:7)
  12 ogres
  3 centaurs
  2 phantoms (D:5)
  A kobold brigand (D:6)
  5 scorpions
  7 bullfrogs
  6 wights
  4 elephant simulacra (IceCv)
  24 killer bees
  5 vampire bats (Bailey)
  An electric eel (Lair:3)
  3 lava snakes (Lair:2)
  5 wolf zombies (Bailey)
  3 quasits (D:6)
  4 hounds
  A jelly (D:7)
  2 sleepcaps
  18 orc priests
  A gnoll bouda (D:5)
  5 iguanas
  29 orc wizards
  A polar bear simulacrum (Lair:3)
  A spriggan simulacrum (IceCv)
  A wolf simulacrum (IceCv)
  6 gnolls
  5 adders
  A shadow imp (D:7)
  3 white imps
  4 ufetubi (IceCv)
  3 ribbon worms
  2 dart slugs
  46 orcs
  6 ball pythons
  2 bats
  5 endoplasms
  A giant cockroach (D:1)
  4 goblins
  4 hobgoblins
  12 jackals
  4 quokkas
  A frilled lizard (D:3)
  A goblin skeleton (D:8)
  7 kobolds
  21 orc zombies
  4 rats
406 creatures vanquished.

Vanquished Creatures (others)
  A hydra zombie (Lair:2)
  A meliai zombie (Lair:4)
  2 ogres (Orc:2)
  A warg zombie (Orc:2)
  A queen bee zombie (Lair:4)
  2 yak zombies (Lair:3)
  An orc priest (Orc:2)
  10 killer bee zombies (Lair:4)
  An ogre zombie (Orc:1)
  35 orc zombies
  81 blazeheart cores
  9 snaplasher vines
145 creatures vanquished.

Grand Total: 672 creatures vanquished

Notes
Turn   | Place    | Note
-------+----------+-------------------------------------------
     0 | D:1      | Autsider the Felid Summoner began the quest for the Orb.
     0 | D:1      | Reached XP level 1. HP: 9/9 MP: 4/4
    66 | D:1      | Found a faded altar of an unknown god.
   364 | D:1      | Reached XP level 2. HP: 13/13 MP: 6/6
   782 | D:2      | Learned a level 2 spell: Call Imp
   852 | D:2      | Reached XP level 3. HP: 16/16 MP: 8/8
   861 | D:2      | Learned a level 3 spell: Call Canine Familiar
  1195 | D:2      | Noticed Sigmund
  1303 | D:2      | Killed Sigmund
  1304 | D:2      | Reached skill level 5 in Summonings
  1304 | D:2      | Reached XP level 4. HP: 21/21 MP: 11/11
  1304 | D:2      | Gained a life (2 lives remaining)
  1304 | D:2      | Reached XP level 5. HP: 24/24 MP: 12/12
  1557 | D:3      | Learned a level 4 spell: Summon Blazeheart Golem
  1639 | D:3      | Found a glowing silver altar of Zin.
  2427 | D:3      | Found Usun's Antique Armour Boutique.
  2634 | D:4      | Reached skill level 1 in Fire Magic
  2634 | D:4      | Gained mutation: You are covered in thick fur. (AC +2)
                  | [Felid growth]
  2634 | D:4      | Reached XP level 6. HP: 16/28 MP: 13/13
  2733 | D:4      | Found an ornate altar of the Wu Jian Council.
  2898 | D:4      | Reached XP level 7. HP: 32/32 MP: 14/14
  2946 | D:4      | Found a sacrificial altar of Ru.
  3340 | D:4      | Found Zoynocuka's Antique Weapon Shoppe.
  3401 | D:4      | Found a stormy altar of Qazlal.
  3794 | D:4      | You fall into a shaft and drop 1 floor!
  3794 | D:5      | Entered Level 5 of the Dungeon
  3810 | D:5      | Found Kawiruel's Assorted Antiques.
  3814 | D:5      | Bought a scroll of identify for 58 gold pieces
  3814 | D:5      | Identified a scroll of acquirement
  3825 | D:5      | Found a staircase to the Ecumenical Temple.
  3861 | Temple   | Entered the Ecumenical Temple
  3884 | Temple   | Became a worshipper of Kikubaaqudgha
  3956 | D:5      | Reached skill level 5 in Spellcasting
  3982 | D:5      | Found a bloodstained altar of Trog.
  3985 | D:5      | Found a sparkling altar of Nemelex Xobeh.
  4049 | D:5      | Slain by an iguana
  4049 | D:5      | Lost a life (1 life remaining)
  4055 | D:5      | Learned a level 4 spell: Summon Lightning Spire
  4104 | D:5      | Found a blossoming altar of Fedhas.
  4118 | D:5      | Reached XP level 8. HP: 36/36 MP: 16/16
  4118 | D:5      | Gained a life (2 lives remaining)
  4210 | D:5      | Reached * piety under Kikubaaqudgha
  4210 | D:5      | Received a gift from Kikubaaqudgha
  4212 | D:5      | Reached skill level 5 in Fire Magic
  4381 | D:5      | Found a snail-covered altar of Cheibriados.
  4579 | D:5      | Found a glowing golden altar of the Shining One.
  4887 | D:6      | Noticed a nameless horror
  4893 | D:5      | Killed a nameless horror
  5021 | D:6      | Reached skill level 1 in Fighting
  5134 | D:6      | Found Quamarghe's Assorted Antiques.
  5170 | D:6      | Found a transporter.
  5201 | D:6      | Reached skill level 1 in Air Magic
  5201 | D:6      | Reached XP level 9. HP: 41/41 MP: 20/20
  5234 | D:6      | Noticed Konar's ghost (novice CoHu)
  5439 | D:6      | Found a shadowy altar of Dithmenos.
  5477 | D:6      | Found a transporter.
  5528 | D:6      | Found a shimmering altar of Xom.
  5641 | D:6      | Found a burning altar of Makhleb.
  5697 | D:6      | Killed Konar's ghost
  5697 | D:6      | Reached ** piety under Kikubaaqudgha
  5700 | D:6      | Identified the amulet of Impatience {Acrobat Int+4}
  5715 | D:6      | Identified the +12 short sword of Resourcefulness {flame,
                  | rElec Dex+2 Stlth+}
  5916 | D:7      | Reached skill level 5 in Stealth
  6025 | D:7      | Found a radiant altar of Vehumet.
  6106 | D:7      | Noticed a two-headed ogre
  6122 | D:7      | Killed a two-headed ogre
  6123 | D:7      | Reached skill level 5 in Dodging
  6182 | D:7      | Reached XP level 10. HP: 49/49 MP: 22/22
  6962 | D:8      | Found Wisuhugh's Distillery.
  7027 | D:8      | Reached skill level 1 in Necromancy
  7203 | D:8      | Found a flagged portal.
  7211 | Bailey   | Entered a bailey
  7403 | Bailey   | Reached *** piety under Kikubaaqudgha
  7403 | Bailey   | Received a gift from Kikubaaqudgha
  7644 | Bailey   | Noticed a gargoyle
  7650 | Bailey   | Killed a gargoyle
  7823 | Bailey   | Identified the granite talisman of Ummiluip {Str+4}
  7987 | D:8      | Found a runed translucent door.
  7989 | D:8      | Found a basalt altar of Yredelemnul.
  8038 | D:8      | Noticed a two-headed ogre
  8045 | D:8      | Killed a two-headed ogre
  8464 | D:8      | Found a shimmering blue altar of Sif Muna.
  9019 | D:10     | Entered Level 10 of the Dungeon
  9041 | D:9      | Reached XP level 11. HP: 54/54 MP: 15/24
  9052 | D:9      | Reached skill level 5 in Fighting
  9062 | D:9      | Reached **** piety under Kikubaaqudgha
  9191 | D:9      | Found a staircase to the Orcish Mines.
  9443 | D:9      | Acquired a book of the Wilderness
  9779 | D:10     | Reached skill level 1 in Translocations
 10200 | D:10     | Found a staircase to the Lair.
 10474 | D:10     | Reached skill level 5 in Air Magic
 10517 | D:10     | Noticed a two-headed ogre
 10525 | D:10     | Killed a two-headed ogre
 10618 | D:10     | Found a hazy altar of Hepliaklqana.
 10748 | D:10     | Reached skill level 10 in Summonings
 10976 | Lair:1   | Entered Level 1 of the Lair of Beasts
 11041 | Lair:1   | HP: 2/56 [bullfrog (3)]
 11041 | Lair:1   | Slain by a yak
 11041 | Lair:1   | Lost a life (1 life remaining)
 11055 | Lair:1   | Noticed an oklob plant
 11267 | Lair:1   | Found a bloodstained altar of Trog.
 11477 | Lair:1   | Noticed a skyshark
 11486 | Lair:1   | Killed a skyshark
 11487 | Lair:1   | Gained mutation: Your thick and shaggy fur keeps you warm.
                  | (AC +3, rC+) [Felid growth]
 11487 | Lair:1   | Reached XP level 12. HP: 61/61 MP: 25/25
 11487 | Lair:1   | Gained a life (2 lives remaining)
 12002 | Lair:2   | Learned a level 4 spell: Animate Dead
 12074 | Lair:2   | Noticed a death yak
 12074 | Lair:2   | Noticed a death yak
 12076 | Lair:2   | Noticed a death yak
 12085 | Lair:2   | Killed a death yak
 12095 | Lair:2   | Killed a death yak
 12096 | Lair:2   | Reached skill level 5 in Translocations
 12102 | Lair:2   | Killed a death yak
 12238 | Lair:2   | Reached skill level 5 in Necromancy
 12311 | Lair:2   | Learned a level 5 spell: Summon Forest
 12334 | Lair:2   | Noticed an eight-headed hydra
 12347 | Lair:2   | Killed an eight-headed hydra
 12348 | Lair:2   | Reached skill level 10 in Stealth
 12541 | Lair:2   | Reached ***** piety under Kikubaaqudgha
 12544 | Lair:2   | Noticed an eight-headed hydra
 12552 | Lair:2   | Killed an eight-headed hydra
 12747 | Lair:2   | Found a staircase to the Snake Pit.
 12821 | Lair:2   | You fall into a shaft and drop 1 floor!
 12880 | Lair:3   | Noticed a boulder beetle
 12917 | Lair:3   | Killed a boulder beetle
 12931 | Lair:3   | Found a frozen archway.
 12944 | Lair:3   | Reached skill level 10 in Dodging
 13305 | IceCv    | Entered an ice cave
 13450 | IceCv    | HP: 3/63 [ice devil (7)]
 13811 | IceCv    | Identified the +3 sling "Worm's Wrath" {heavy, MP+9 Int+3}
 13828 | IceCv    | Found an ancient bone altar of Kikubaaqudgha.
 13866 | IceCv    | Reached XP level 13. HP: 48/68 MP: 5/27
 14419 | IceCv    | Reached skill level 10 in Spellcasting
 15068 | Lair:3   | Identified the +6 long sword "Beetleslayer" {freeze, +Blink
                  | Will- Dex+2}
 15913 | Lair:4   | Got the Grimoire of the Incandescent Lithosphere
 16018 | Lair:4   | Reached ****** piety under Kikubaaqudgha
 16335 | Lair:4   | Received a gift from Kikubaaqudgha (forbidden knowledge)
 16550 | Lair:4   | Found a staircase to the Slime Pits.
 16550 | Lair:4   | Found a viscous altar of Jiyva.
 16590 | Lair:4   | Identified the +1 leather armour of Supple Strength {rElec
                  | rN+ rCorr}
 16923 | D:8      | Bought a potion of curing for 39 gold pieces
 16923 | D:8      | Bought a potion of curing for 39 gold pieces
 17087 | Orc:1    | Entered Level 1 of the Orcish Mines
 17360 | Orc:2    | Entered Level 2 of the Orcish Mines
 17570 | Orc:2    | Found a staircase to the Elven Halls.
 17724 | Orc:2    | Found a roughly hewn altar of Beogh.
 17779 | Orc:2    | Noticed an orc warlord
 17787 | Orc:2    | Killed from afar by an orc high priest
 17787 | Orc:2    | Lost a life (1 life remaining)
 18108 | Orc:2    | Reached skill level 10 in Fighting
 18365 | Orc:2    | HP: 3/72 [cloud of flame (7)]
 18366 | Orc:2    | Engulfed by a cloud of flame
 18366 | Orc:2    | Lost a life (0 lives remaining)
 18367 | Orc:2    | Quit the game

Illustrated notes

Levels and vault maps discovered:
D:1:      saegor_arrival_miasma, layout_basic, shapermc_ecumenical_altar_venn,
          minmay_misc_feat_doors
D:2:      layout_rooms, uniq_sigmund
D:3:      layout_loops_ring, zin_scriptorium, serial_glass, glass_columns_a,
          glass_columns_b, glass_columns_c, serial_shops, nicolae_shop_peninsula
D:4:      layout_cave_pods, mainiacjoe_overflow_alcove_2,
          nicolae_ru_awakened_eye, nzn_wu_jian_council_hall, serial_shops,
          nicolae_shop_overgrown_old_shop
D:5:      layout_basic, mainiacjoe_overflow_cross_hatched,
          mainiacjoe_overflow_paths, nemelex_xobeh_ov_fountains_minmay,
          mainiacjoe_overflow_chevrons, bloody_trog,
          minmay_temple_entry_poolview, serial_shops,
          nicolae_shop_pleasant_corner_grove
D:6:      layout_rooms, mainiacjoe_overflow_alcove_4,
          mainiacjoe_overflow_catwalk,
          mainiacjoe_overflow_concentric_impassable, gammafunk_ghost_stat_death,
          serial_shops, nicolae_shop_stone, minmay_misc_feat_cross
D:7:      layout_basic, general_overflow_altar
D:8:      layout_basic, dk_yredelemnul_ordeal, nicolae_sif_muna_little_library,
          serial_shops, shop, enter_bailey_4, nicolae_hexahallways
D:9:      layout_roguey, david_orc_3, minmay_misc_feat_secret_circle
D:10:     layout_grid_maze, nicolae_hepliaklqana_hippocampus,
          minmay_lair_entry_grove
Temple:   hellmonk_temple_micro_hex
Lair:1:   layout_regular_city, lemuel_oklob_altar, grunt_megastairs_2
Lair:2:   layout_cave_pods, mainiacjoe_swamp_entry_angry_trees,
          nicolae_snake_entry_warm_welcome, lemuel_fruit_tree
Lair:3:   layout_gridlike, portal_ice_cave_entry_ice_simulacra,
          minmay_hedge_maze
Lair:4:   layout_roguey [special_room_bee], slime_entry_1, minmay_lindwurm_lava
Orc:1:    layout_caves, kennysheep_orc_chapel
Orc:2:    st_orc_congregation, layout_diamond_mine, basic_altar

Skill      XL: |  1  2  3  4  5  6  7  8  9 10 11 12 13 |
---------------+----------------------------------------+-----
Spellcasting   | 4 5 6 7 8 9 11 | 11.2
Summonings     | 5 6 8 9 10 11 | 11.0
Fire Magic     | 1 2 4 5 |  5.0
Stealth        | 3 5 7 9 10 | 10.0
Dodging        | 3 5 7 8 10 | 10.0
Fighting       | 1 3 4 6 7 10 | 10.0
Air Magic      | 1 3 4 5 |  5.0
Necromancy     | 2 4 6 9 |  9.1
Translocations | 4 7 8 |  8.0

Action                     |  1- 3 |  4- 6 |  7- 9 | 10-12 | 13-15 || total
---------------------------+-------+-------+-------+-------+-------++-------
  Melee: Unarmed           |    21 |     9 |     5 |    36 |    66 ||   137
         Bite              |     1 |     2 |       |     7 |    11 ||    21
         Punch             |       |       |       |       |     1 ||     1
   Cast: Summon Small Mamm |    22 |     1 |     1 |       |       ||    24
         Call Imp          |     7 |    13 |    12 |       |       ||    32
         Call Canine Famil |     7 |    15 |    15 |    14 |     3 ||    54
         Summon Blazeheart |       |     1 |    25 |    90 |    33 ||   149
         Summon Lightning  |       |       |    22 |    76 |    44 ||   142
         Summon Forest     |       |       |       |     3 |    11 ||    14
         Animate Dead      |       |       |       |     1 |     9 ||    10
 Invoke: Unearth Wretches  |       |       |       |       |     3 ||     3
         Receive Forbidden |       |       |       |       |     1 ||     1
    Use: Scroll            |       |     3 |     2 |    11 |     5 ||    21
         Potion            |       |       |     1 |     4 |     8 ||    13
   Stab: Sleeping          |     1 |     1 |       |     1 |       ||     3
         Distracted        |       |       |       |     1 |       ||     1
         Invisible         |       |       |       |       |     2 ||     2
         Paralysed         |       |       |       |       |     1 ||     1
 Armour: Skin              |     9 |     8 |    33 |    85 |    91 ||   226
  Dodge: Dodged            |    37 |     9 |    42 |   214 |   251 ||   553

Table legend: (Time is in decaauts)
 A = Elapsed time spent in this place.
 B = Non-inter-level travel time spent in this place.
 C = Inter-level travel time spent in this place.
 D = Time resting spent in this place.
 E = Time spent auto-exploring this place.
 F = Levels seen in this place.
 G = Mean time per level.
                   A        B        C        D        E       F      G
               +--------+--------+--------+--------+--------+-----+--------+
         Total |  18377 |  17391 |    986 |   2180 |  10289 |  19 |  967.2 |
       Dungeon |  10415 |   9712 |    703 |    562 |   6970 |  10 | 1041.5 |
        Temple |     29 |     18 |     11 |      0 |      0 |   1 |   29.0 |
          Lair |   4690 |   4447 |    243 |    803 |   2350 |   4 | 1172.5 |
  Orcish Mines |   1279 |   1251 |     28 |    290 |    561 |   2 |  639.5 |
        Bailey |    750 |    750 |      0 |      6 |    296 |   1 |  750.0 |
      Ice Cave |   1212 |   1212 |      0 |    519 |    111 |   1 | 1212.0 |
               +--------+--------+--------+--------+--------+-----+--------+

Top non-repeatable levels by time:
  Lair:3: 1989 daAuts
     D:8: 1359 daAuts
     D:5: 1243 daAuts
   IceCv: 1212 daAuts
     D:7: 1191 daAuts
     D:4: 1167 daAuts
     D:3: 1083 daAuts
    D:10: 1041 daAuts
     D:9: 1030 daAuts
  Lair:1: 1007 daAuts
  Lair:2: 873 daAuts
   Orc:2: 866 daAuts
  Lair:4: 819 daAuts
     D:1: 774 daAuts
     D:2: 768 daAuts
